 Dungeon Crawl Stone Soup version 0.31-a0-836-g3ceb0a68c4 (webtiles) character file.

Game seed: 5081183364032571747

226 lunkers the Firebug (level 6, -6/47 HPs)
             Began as a Meteoran Wanderer on Sept 25, 2023.
             Was an Initiate of Gozag.
             Mangled by a wight
             ... wielding a +0 war axe
              (11 damage)
             ... on level 4 of the Dungeon on Sept 26, 2023.
             The game lasted 00:06:58 (2206 turns).

lunkers the Firebug (Meteoran Wanderer)             Turns: 2206, Time: 00:06:59

Health: -6/47      AC:  3    Str: 13    XL:     6   Next: 46%
Magic:  12/13      EV: 11    Int: 18    God:    Gozag
Gold:   245        SH:  0    Dex: 12    Spells: 12/13 levels left

rFire   . . .        k - +1 great sword (freeze)
rCold   . . .        (shield currently unavailable)
rNeg    . . .        c - +0 robe
rPois   .            (no helmet)
rElec   .            (no cloak)
rCorr   .            (no gloves)
SInv    .            d - +0 pair of boots
Will    +....        (no amulet)
Stlth   +            i - ring of willpower
HPRegen 0.27/turn    (no ring)
MPRegen 0.13/turn

%: no passive effects
@: glowing
A: sense surroundings 1, otherworldly, glowing, explore regen
a: Renounce Religion, Potion Petition, Call Merchant, Bribe Branch


You were on level 4 of the Dungeon.
You worshipped Gozag.
Gozag was aware of your devotion.
You visited 1 branch of the dungeon, and saw 4 of its levels.
You also visited: Sewer.

You collected 275 gold pieces.
You paid 30 gold pieces to Gozag.

Inventory:

Hand Weapons
 k - a +1 great sword of freezing (weapon)
Armour
 c - a +0 robe (worn)
 d - a +0 pair of boots (worn)
 n - an orb of guile
Jewellery
 i - a ring of willpower (left hand)
Wands
 m - a wand of charming (6)
Scrolls
 r - a scroll of blinking
Potions
 b - 3 potions of curing
 g - 3 potions of heal wounds
 j - a potion of cancellation {unknown}
 l - 2 potions of enlightenment
 s - a potion of berserk rage {unknown}
 t - 2 potions of haste


   Skills:
 - Level 1.1 Fighting
 - Level 1.1 Dodging
 - Level 1.4 Stealth
 + Level 4.2 Spellcasting
 * Level 3.4 Conjurations
 * Level 5.2 Fire Magic
 - Level 2.4 Air Magic


You had 12 spell levels left.
You knew the following spells:

 Your Spells              Type           Power      Damage    Failure   Level
p - Foxfire               Conj/Fire      76%        2x1d7     2%          1

Your spell library contained the following spells:

 Spells                   Type           Power      Damage    Failure   Level
 Shock                    Conj/Air       56%        1d6       4%          1
 Inner Flame              Hex/Fire       13%        N/A       14%         3
 Swiftness                Air            12%        N/A       16%         3
 Mephitic Cloud           Conj/Pois/Air  10%        N/A       19%         3


Dungeon Overview and Level Annotations

Branches:
Dungeon (4/15) Zot: 523     Sewer (visited)
 Temple: D:4-7

Altars:
Gozag

Annotations:
D:3 1 runed translucent door, Crazy Yiuf


Innate Abilities, Weirdness & Mutations

You passively map a small area around you.
You are easily found by Zot.
You glow in the dark.
You regain HP and MP as you explore.


Message History

The endoplasm quivers.
You conjure some foxfire!
The foxfire hits the endoplasm.
The endoplasm is heavily wounded.
You conjure some foxfire!
The foxfire hits the endoplasm.
You kill the endoplasm!
Your foxfire dissipates!
A wight comes into view. It is wielding a +0 war axe.
Found a club.
Your foxfire dissipates!
The wight moves out of view. 2 wights come into view.
A wight is wielding a +0 battleaxe and wearing a +1 robe of willpower.
You see here 4 gold pieces.
A wight comes into view. It is wielding a +0 trident.
The wight moves out of view.
You see here 4 gold pieces.
Casting: Foxfire (safe; 2% risk of failure)
Press: ? - help, Q - select action, (/) - cycle Dir - look around, f - activate You conjure some foxfire!
The foxfire hits the wight.
The wight is lightly damaged.
Unknown command.
The foxfire hits the wight but does no damage.
The wight is lightly damaged.
The wight hits you with a +3 mace.
You see here 4 gold pieces.
You slash the wight!
The wight is almost destroyed.
The wight barely misses you. The wight misses you.
The wight hits you with a +0 war axe!
You hit the wight but do no damage.
The wight is almost destroyed.
The wight closely misses you. x2; The wight barely misses you.
The wight hits you with a +3 mace!
* * * LOW HITPOINT WARNING * * *
The wight hits you with a +0 battleaxe!!
* * * LOW HITPOINT WARNING * * *
The wight hits you with a +0 war axe!
You die...
Your body crumbles into a pile of gold.

*.## #.# #...#~~~#. ,..
#.. ###.#~~~#. * .. ..)
* ####.##'##. . , .##.#
* #.......... * #.,
,...######.#####..## #..
#... ,..#.#####.... , ..
#.z# #.#.##.......
#.##.#zz####.#.##.##....
......z@##..............
####.##.##.#.####.####.#
#. #......# # # #.# #
,####.### * #.. *
,#......# ### , #.##.#.#
, * , * ######## ,, , *
, , * ,


You could see 4 wights.

Vanquished Creatures
  A hound (D:4)
  An iguana (D:3)
  10 adders
  An ufetubus (D:3)
  2 worms (D:3)
  3 dart slugs
  An orc (D:3)
  3 bats
  5 endoplasms
  6 giant cockroaches
  2 goblins
  2 hobgoblins
  6 kobolds
  2 quokkas
  5 ball pythons
  10 frilled lizards
  13 rats
73 creatures vanquished.

Vanquished Creatures (collateral kills)
  14 foxfires (D:3)
14 creatures vanquished.

Vanquished Creatures (others)
  235 foxfires
235 creatures vanquished.

Grand Total: 322 creatures vanquished

Notes
Turn   | Place    | Note
-------+----------+-------------------------------------------
     0 | D:1      | lunkers the Meteoran Wanderer began the quest for the Orb.
     0 | D:1      | lunkers set off with the following items: a +0 club, a
                  | potion of curing, a +0 robe, a +0 pair of boots; and the
                  | following spells available to memorise: Foxfire, Shock,
                  | Swiftness, Inner Flame, Mephitic Cloud.
     0 | D:1      | Reached XP level 1. HP: 16/16 MP: 5/5
     2 | D:1      | Learned a level 1 spell: Foxfire
     2 | D:1      | Upgraded the game from 0.31-a0-833-gc15d34cb79 to
                  | 0.31-a0-836-g3ceb0a68c4
   107 | D:1      | Reached XP level 2. HP: 23/23 MP: 2/6
   115 | D:1      | Reached skill level 3 in Fire Magic
   308 | D:1      | Reached XP level 3. HP: 28/28 MP: 3/8
   584 | D:2      | Reached XP level 4. HP: 35/35 MP: 1/10
   833 | D:2      | Reached skill level 1 in Conjurations
   907 | D:3      | Reached skill level 4 in Fire Magic
  1334 | D:3      | Reached XP level 5. HP: 26/40 MP: 5/11
  1341 | D:3      | Found an opulent altar of Gozag.
  1371 | D:3      | Became a worshipper of Gozag Ym Sagoz the Greedy
  1573 | D:3      | Found a runed translucent door.
  1574 | D:3      | Noticed Crazy Yiuf
  1678 | D:3      | Glimpsed the power of Zot.
  1728 | D:3      | Glimpsed the power of Zot.
  1770 | D:4      | Found a glowing drain.
  1787 | D:4      | Reached XP level 6. HP: 47/47 MP: 4/13
  1794 | D:4      | Reached skill level 5 in Fire Magic
  1807 | Sewer    | Entered a sewer
  2206 | D:4      | Mangled by a wight

Illustrated notes

Levels and vault maps discovered:
D:1:      nzn_arrival_settlement, layout_loops_ring
D:2:      layout_loops_ring, shapermc_ecumenical_altar_flowoftime
D:3:      layout_basic, mainiacjoe_overflow_paths, kennysheep_boxes,
          uniq_crazy_yiuf_cottage
D:4:      layout_loops_cross, minmay_temple_entry_wispy, gup_sewer_entry_glass,
          lightli_corner_chamber

Skill      XL: |  1  2  3  4  5  6 |
---------------+-------------------+-----
Spellcasting   | 3 4 |  4.2
Fire Magic     | 3 4 5 |  5.2
Conjurations   | 2 3 |  3.4
Fighting       | |  1.1
Dodging        | |  1.1
Stealth        | |  1.4
Air Magic      | |  2.4

Action                     |  1- 3 |  4- 6 || total
---------------------------+-------+-------++-------
  Melee: Club              |    38 |    39 ||    77
         Great sword       |       |     2 ||     2
   Cast: Foxfire           |    50 |   109 ||   159
    Use: Scroll            |       |     9 ||     9
 Armour: Robe              |    24 |    52 ||    76
  Dodge: Dodged            |    21 |    61 ||    82

Table legend: (Time is in decaauts)
 A = Elapsed time spent in this place.
 B = Non-inter-level travel time spent in this place.
 C = Inter-level travel time spent in this place.
 D = Time resting spent in this place.
 E = Time spent auto-exploring this place.
 F = Levels seen in this place.
 G = Mean time per level.
                   A        B        C        D        E       F      G
               +--------+--------+--------+--------+--------+-----+--------+
         Total |   2299 |   2206 |     93 |      0 |   1520 |   5 |  459.8 |
       Dungeon |   1874 |   1781 |     93 |      0 |   1243 |   4 |  468.5 |
         Sewer |    424 |    424 |      0 |      0 |    276 |   1 |  424.0 |
               +--------+--------+--------+--------+--------+-----+--------+

Top non-repeatable levels by time:
     D:3: 886 daAuts
     D:2: 464 daAuts
   Sewer: 424 daAuts
     D:1: 419 daAuts
     D:4: 104 daAuts
